 Dungeon Crawl Stone Soup version 0.28-a0-1486-g8196b01e9b (webtiles) character file.

Game seed: 7440730910896988556

3540 Nattfarinn the Covert (level 10, -10/63 HPs)
             Began as a Kobold Brigand on Jan 12, 2022.
             Was an Initiate of Ashenzari.
             Mangled by Gastronok (38 damage)
             ... on level 7 of the Dungeon.
             The game lasted 00:25:53 (10238 turns).

Nattfarinn the Covert (Kobold Brigand)             Turns: 10238, Time: 00:25:53

Health: -10/63     AC:  3    Str:  8    XL:     10   Next: 29%
Magic:  10/10      EV: 19    Int: 13    God:    Ashenzari [......]
Gold:   311        SH:  0    Dex: 27    Spells: 9/9 levels left

rFire   . . .      SeeInvis .   o - +3 dagger of Supernal Wisdom {venom, Cun, Elem} (curse)
rCold   . . .      Faith    .   (no shield)
rNeg    . . .      Spirit   .   b - +0 robe
rPois   +          Reflect  .   (no helmet)
rElec   .          Harm     .   c - +0 cloak
rCorr   .          Rampage  .   (no gloves)
Will    .....                   (no boots)
Stlth   ++++++....              p - amulet of regeneration
HPRegen 1.00/turn               y - ring of poison resistance
MPRegen 0.12/turn               A - +6 ring of dexterity

@: silenced, studying Axes
A: small, no large weapons, nightstalker 3
a: Renounce Religion, Shatter the Chains


You were on level 7 of the Dungeon.
You worshipped Ashenzari.
Ashenzari was noncommittal.
You visited 2 branches of the dungeon, and saw 9 of its levels.

You collected 341 gold pieces.
You spent 30 gold pieces at shops.

Inventory:

Hand Weapons
 o - the cursed +3 dagger of Supernal Wisdom (weapon) {venom, Cun, Elem}
   (You took it off a goblin on level 2 of the Dungeon)

   It poisons the flesh of those it strikes.
   It has a curse which improves the following skills: Cunning: Dodging and
   Stealth.
   Elements:  Fire Magic, Ice Magic, Air Magic and Earth Magic.
Missiles
 d - 12 poisoned darts (quivered)
Armour
 b - a +0 robe (worn)
 c - a +0 cloak (worn)
Jewellery
 l - a +6 ring of intelligence
 p - an amulet of regeneration (around neck)
 s - a ring of willpower
 y - a ring of poison resistance (left hand)
 A - a +6 ring of dexterity (right hand)
 D - a ring of ice
Wands
 e - a wand of iceblast (9)
Scrolls
 a - a scroll of amnesia
 g - 3 scrolls of immolation
 i - 4 scrolls of fog
 r - a scroll of silence
 t - a scroll of magic mapping
 v - 4 scrolls of identify
 w - a scroll of torment
 z - a scroll of teleportation
Potions
 f - 2 potions of haste {unknown}
 h - a potion of might {unknown}
 j - 2 potions of curing
 m - 2 potions of flight {unknown}
 n - a potion of degeneration {unknown}
 q - a potion of mutation {unknown}
 u - 4 potions of heal wounds {unknown}
 x - a potion of brilliance {unknown}
 B - a potion of lignification {unknown}
 C - a potion of berserk rage {unknown}


   Skills:
 + Level 7.1 Fighting
 * Level 9.2 Short Blades
 - Level 6.4 Throwing
 * Level 4.7(5.1) Dodging
 + Level 12.8(13.2) Stealth


You had 9 spell levels left.
You didn't know any spells.
Your spell library contained the following spells:

 Spells                   Type           Power      Damage    Failure   Level
 Summon Small Mammal      Summ           0%         N/A       30%         1
 Sublimation of Blood     Necr           0%         N/A       43%         2
 Call Canine Familiar     Summ           0%         N/A       67%         3
 Summon Guardian Golem    Hex/Summ       0%         N/A       67%         3
 Tukima's Dance           Hex            0%         N/A       67%         3
 Anguish                  Hex/Necr       0%         N/A       97%         4
 Petrify                  Tmut/Erth      0%         N/A       97%         4
 Irradiate                Conj/Tmut      0%         3d13      100%        5
 Enfeeble                 Hex            0%         N/A       100%        7


Dungeon Overview and Level Annotations

Branches:
Dungeon (8/15)             Temple (1/1) D:6
   Lair: D:8-11

Altars:
Ashenzari
Cheibriados
Dithmenos
Elyvilon
Fedhas
Gozag
Hepliaklqana
Kikubaaqudgha
Makhleb
Nemelex Xobeh
Okawaru
Qazlal
Ru
Sif Muna
Trog
Uskayaw
Vehumet
Wu Jian
Xom
Yredelemnul
Zin
The Shining One

Shops:
D:1 !   D:3 *

Annotations:
D:7 Gastronok


Innate Abilities, Weirdness & Mutations

You are small and have problems with some larger weapons.
You are completely attuned to the shadows.


Message History

Okay, then.
You climb downwards.
Level annotation: Gastronok Gastronok chants a spell, wobbling all the while.
Gastronok puts on a burst of speed!
There is a stone staircase leading up here.
As you read the scroll of silence, it crumbles to dust.
A profound silence engulfs you.
You hit Gastronok but do no damage.
Gastronok is poisoned.
You hit Gastronok but do no damage. Gastronok bites you!!
Ouch! That really hurt!
You hit Gastronok.
Gastronok looks even sicker.
Gastronok is lightly wounded.
You hit Gastronok but do no damage.
Gastronok is lightly wounded.
You hit Gastronok.
Gastronok looks as sick as possible!
Gastronok is lightly wounded.
You hit Gastronok but do no damage.
Gastronok looks as sick as possible!
Gastronok is lightly wounded.
Gastronok bites you!
You hit Gastronok but do no damage.
Gastronok is lightly wounded.
You hit Gastronok but do no damage.
Gastronok is lightly wounded.
You hit Gastronok.
Gastronok is lightly wounded.
Gastronok misses you.
You completely miss Gastronok.
Gastronok is lightly wounded.
You barely miss Gastronok.
Gastronok is lightly wounded.
You hit Gastronok but do no damage.
Gastronok looks as sick as possible!
Gastronok is lightly wounded.
You hit Gastronok.
Gastronok looks as sick as possible!
Gastronok is lightly wounded.
You hit Gastronok but do no damage.
Gastronok is lightly wounded.
Gastronok bites you!!!
Ouch! That really hurt!
You die...

##..........####.................
.#..................#..##.....###
..........................#####
......................#####
.............^........#..#
#.>.................#....#
.........................#
...#.##.###.......####...####
.....#......##.w@<..........##
###..#.##........#)..........####
........###....#.#.........#.....
........(........#.........##....
........##............(......[...
.......>###.####...........##....
.......w###....###.........##....
..........#.#.####..........#....
######......#.###.........#.####.


You could see Gastronok (swift, extremely poisoned).

Vanquished Creatures
  Maggie (D:6)
  Prince Ribbit (D:6)
  8 yaks
  Sigmund (D:4)
  An acid dragon (D:8)
  A water moccasin (D:7)
  2 orc warriors
  An ogre (D:7)
  A phantom (D:5)
  2 lemures (D:7)
  Blork the orc (D:6)
  6 scorpions
  A water moccasin zombie (D:6)
  3 wights (D:6)
  3 hounds
  A jelly (D:5)
  A centaur zombie (D:5)
  An orc priest (D:7)
  2 iguanas
  Terence (D:3)
  Natasha (thrice) (D:3)
  An orc wizard (D:2)
  A killer bee zombie (D:3)
  A hound zombie (D:4)
  2 hound skeletons
  A howler monkey zombie (D:5)
  A gnoll (D:5)
  8 adders
  A white imp (D:5)
  An ufetubus (D:5)
  3 worms
  2 dart slugs (D:3)
  11 orcs
  7 bats
  8 endoplasms
  4 giant cockroaches
  7 goblins
  6 hobgoblins (D:1)
  2 jackals (D:3)
  11 kobolds
  6 quokkas
  2 ball pythons (D:1)
  3 frilled lizards
  4 rats
135 creatures vanquished.

Notes
Turn   | Place    | Note
-------+----------+-------------------------------------------
     0 | D:1      | Nattfarinn the Kobold Brigand began the quest for the Orb.
     0 | D:1      | Reached XP level 1. HP: 12/12 MP: 1/1
   160 | D:1      | Found a faded altar of an unknown god.
   366 | D:1      | Reached XP level 2. HP: 15/18 MP: 2/2
   597 | D:1      | Reached XP level 3. HP: 18/22 MP: 3/3
   803 | D:1      | Found Roiveji's Distillery.
   814 | D:1      | Reached skill level 6 in Stealth
   846 | D:1      | Bought a potion of curing for 30 gold pieces
  1163 | D:2      | Reached XP level 4. HP: 27/27 MP: 4/4
  1550 | D:2      | Found a glowing golden altar of the Shining One.
  2261 | D:3      | Noticed Natasha
  2262 | D:3      | Killed Natasha
  2263 | D:3      | Reached XP level 5. HP: 32/32 MP: 5/5
  2265 | D:3      | Noticed an orc warrior
  2275 | D:3      | Killed an orc warrior
  2276 | D:3      | Reached skill level 7 in Stealth
  2276 | D:3      | Reached XP level 6. HP: 11/37 MP: 6/6
  2955 | D:3      | Noticed Terence
  2993 | D:3      | Killed Terence
  3492 | D:3      | Noticed Natasha
  3504 | D:3      | Killed Natasha
  3505 | D:3      | Reached skill level 8 in Stealth
  3579 | D:3      | Found Susanaij's Assorted Antiques.
  3936 | D:3      | Noticed Natasha
  3941 | D:3      | Killed Natasha
  3942 | D:3      | Reached XP level 7. HP: 42/42 MP: 7/7
  4046 | D:4      | Noticed Sigmund
  4046 | D:4      | Noticed a yak
  4057 | D:4      | Killed Sigmund
  4058 | D:4      | Reached skill level 5 in Short Blades
  4074 | D:4      | Killed a yak
  4075 | D:4      | Reached skill level 9 in Stealth
  4338 | D:4      | Noticed a yak
  4338 | D:4      | Noticed a yak
  4346 | D:4      | Noticed a yak
  4357 | D:4      | Killed a yak
  4358 | D:4      | Reached XP level 8. HP: 18/48 MP: 8/8
  4679 | D:4      | Noticed a two-headed ogre
  5468 | D:3      | Killed a yak
  5732 | D:4      | Killed a yak
  5733 | D:4      | Reached skill level 5 in Fighting
  5733 | D:4      | Reached skill level 5 in Throwing
  5733 | D:4      | Reached skill level 10 in Stealth
  6696 | D:5      | Entered Level 5 of the Dungeon
  7049 | D:5      | Reached XP level 9. HP: 54/54 MP: 9/9
  7186 | D:5      | Reached skill level 11 in Stealth
  7682 | D:6      | Noticed Maggie
  7691 | D:6      | Killed Maggie
  7808 | D:6      | Found a staircase to the Ecumenical Temple.
  7816 | Temple   | Entered the Ecumenical Temple
  7867 | Temple   | Became a worshipper of Ashenzari the Shackled
  8503 | D:6      | Noticed Prince Ribbit
  8512 | D:6      | Killed Prince Ribbit
  8513 | D:6      | Reached skill level 12 in Stealth
  8726 | D:6      | Noticed Blork the orc
  8729 | D:6      | Killed Blork the orc
  9537 | D:6      | Reached XP level 10. HP: 32/61 MP: 10/10
  9652 | D:7      | Found a shimmering blue altar of Sif Muna.
  9949 | D:8      | Noticed Gastronok
 10238 | D:7      | Mangled by Gastronok

Illustrated notes

Levels and vault maps discovered:
D:1:      ncdulo_smallfort, layout_basic, serial_shops,
          nicolae_shop_advertising_works [nicolae_subvault_shop_adworks],
          hellmonk_ecumenical_altar_blasted, glass_columns_a
D:2:      layout_basic, basic_altar
D:3:      layout_loops_ring, serial_shops, nicolae_shop_trees,
          minmay_misc_feat_ornament, hangedman_decor_growths,
          minmay_misc_feat_hallway, uniq_terence, uniq_natasha
D:4:      layout_loops_corners, st_stairs_6, minmay_manual_mess, uniq_sigmund
D:5:      wad_river_or_something, layout_loops_ring
D:6:      layout_basic, minmay_temple_entry_overgrown, uniq_prince_ribbit1,
          uniq_maggie, uniq_blork_the_orc
D:7:      layout_rooms, overflow_temple_1_default
D:8:      layout_cave_pools, serial_column_ruins, column_ruins_columns_corner,
          column_ruins_grid_2, column_ruins_open_tiny,
          column_ruins_columns_straight, column_ruins_columns_straight,
          column_ruins_open_small, uniq_grum, uniq_harold, uniq_joseph,
          uniq_pikel, uniq_gastronok
Temple:   kilobyte_greek_temple

Skill      XL: |  1  2  3  4  5  6  7  8  9 10 |
---------------+-------------------------------+-----
Short Blades   | 3 4 5 6 8 9 |  9.2
Stealth        | 6 7 8 9 10 12 | 12.8
Fighting       | 3 4 5 6 7 |  7.1
Throwing       | 3 4 5 6 |  6.4
Dodging        | 2 4 |  4.7

Action                   |  1- 3 |  4- 6 |  7- 9 | 10-12 || total
-------------------------+-------+-------+-------+-------++-------
Melee: Dagger            |    72 |   132 |   233 |    67 ||   504
       Punch             |       |     3 |     1 |     1 ||     5
Throw: Dart              |       |    24 |    22 |    11 ||    57
Invok: Curse Item        |       |       |     1 |       ||     1
Evoke: Wand              |       |       |     2 |     1 ||     3
  Use: Scroll            |       |       |    12 |     2 ||    14
       Potion            |       |       |     2 |     1 ||     3
 Stab: Sleeping          |    16 |    18 |    19 |     5 ||    58
       Distracted        |     1 |       |     1 |       ||     2
       Invisible         |       |       |     4 |     1 ||     5
Armor: Robe              |    15 |    13 |    27 |     2 ||    57
Dodge: Dodged            |    38 |    53 |   123 |    25 ||   239

Table legend: (Time is in decaauts)
 A = Elapsed time spent in this place.
 B = Non-inter-level travel time spent in this place.
 C = Inter-level travel time spent in this place.
 D = Time resting spent in this place.
 E = Time spent auto-exploring this place.
 F = Levels seen in this place.
 G = Mean time per level.
                   A        B        C        D        E       F      G
               +--------+--------+--------+--------+--------+-----+--------+
         Total |  10142 |   9411 |    731 |   1703 |   6331 |   9 | 1126.9 |
       Dungeon |   9593 |   8911 |    682 |   1492 |   6076 |   8 | 1199.1 |
        Temple |    549 |    500 |     49 |    211 |    255 |   1 |  549.0 |
               +--------+--------+--------+--------+--------+-----+--------+

Top non-repeatable levels by time:
     D:3: 2300 daAuts
     D:2: 1653 daAuts
     D:4: 1632 daAuts
     D:6: 1294 daAuts
     D:1: 1042 daAuts
     D:5: 865 daAuts
     D:7: 755 daAuts
  Temple: 549 daAuts
     D:8: 48 daAuts
